 Dungeon Crawl Stone Soup version 0.20.0-15-g7f486f2 (webtiles) character file.

27184 sankara the Martial Artist (level 13, -2/114 HPs)
             Began as a Pale Draconian Transmuter on June 25, 2017.
             Was a Believer of Ashenzari.
             Succumbed to Rupert's poison
             ... on level 3 of the Lair of Beasts.
             The game lasted 01:02:12 (20078 turns).

sankara the Martial Artist (DrTm)                  Turns: 20078, Time: 01:02:13

Health: -2/114     AC: 10    Str: 13    XL:     13   Next: 3%
Magic:  13/17      EV: 19    Int: 14    God:    Ashenzari [**....]
Gold:   1211       SH:  3    Dex: 20    Spells: 3/18 levels left

rFire    . . .     SeeInvis .     - Unarmed
rCold    . . .     Gourm    .   (shield currently unavailable)
rNeg     . . .     Faith    .   (armour unavailable)
rPois    .         Spirit   .   (helmet restricted)
rElec    .         Reflect  +   X - +0 cloak
rCorr    .         Harm     .   (gloves currently unavailable)
MR       +....                  y - +0 pair of boots
Stlth    ++........             s - +3 amulet of reflection
Regen    0.3/turn               R - ring of Vikkuroa {MR+ Dex+4}
MPRegen  0.2/turn               q - ring of wizardry

@: lethally poisoned (-2 -> -106), blade hands (expiring)
A: breathe steam, unfitting armour, cold-blooded, AC +8
a: Breathe Steam, End Transformation, Curse Item, Scrying, Renounce Religion


You were on level 3 of the Lair of Beasts.
You worshipped Ashenzari.
Ashenzari was pleased with you.
You were not hungry.
You had blades for hands.
You visited 2 branches of the dungeon, and saw 11 of its levels.
You also visited: Sewer, Ossuary and Ice Cave.

You collected 1211 gold pieces.

Inventory:

Missiles
 a - 67 arrows
Armour
 y - a +0 pair of boots (worn)
 X - a +0 cloak (worn)
Jewellery
 f - an uncursed ring of magical power
 q - a ring of wizardry (right scythe-like blade)
 s - a +3 amulet of reflection (around neck)
 t - an uncursed ring of ice
 v - the ring of the Kangaroo {EV+3 Str+2}
   (You found it in an ice cave)

   [ring of evasion]

   It affects your evasion (+3).
   It affects your strength (+2).
 Q - a +2 ring of protection
 R - the ring of Vikkuroa (left scythe-like blade) {MR+ Dex+4}
   (You found it in an ice cave)

   [ring of protection from magic]

   It affects your dexterity (+4).
   It affects your resistance to hostile enchantments.
Wands
 A - a wand of flame (25/48)
 E - a wand of random effects (25/48)
 F - a wand of flame (22/48)
 K - a wand of acid (12/15)
 L - a wand of flame (37/48)
 N - a wand of acid (7/15)
 P - a wand of polymorph (18/24)
 U - a wand of clouds (5/9)
Scrolls
 d - 8 scrolls of remove curse
 g - 6 scrolls of teleportation
 h - 4 scrolls of magic mapping {unknown}
 k - 3 scrolls of immolation {unknown}
 r - 10 scrolls of identify {unknown}
 u - 2 scrolls of amnesia {unknown}
 x - a scroll of blinking {unknown}
 H - a scroll of noise {unknown}
 I - 3 scrolls of fog {unknown}
 J - a scroll of silence {unknown}
 M - a scroll of recharging {unknown}
 S - a scroll of brand weapon {unknown}
 V - a scroll of summoning {unknown}
 W - a scroll of torment {unknown}
Potions
 j - a potion of ambrosia
 l - a potion of mutation {unknown}
 m - 4 potions of heal wounds
 n - 8 potions of curing
 w - 6 potions of flight
 z - 2 potions of haste
 B - a potion of invisibility
 C - 2 potions of brilliance
 D - 2 potions of agility {unknown}
Books
 b - a book of Changes

   Spells                             Type                      Level
   a - Beastly Appendage              Transmutation                1
   b - Sticks to Snakes               Transmutation                2
   c - Spider Form                    Transmutation/Poison         3
   d - Ice Form                       Ice/Transmutation            4
   e - Blade Hands                    Transmutation                5
 O - a book of Necromancy

   Spells                             Type                      Level
   a - Pain                           Necromancy                   1
   b - Animate Skeleton               Necromancy                   1
   c - Vampiric Draining              Necromancy                   3
   d - Regeneration                   Charms/Necromancy            3
   e - Animate Dead                   Necromancy                   4
   f - Control Undead                 Necromancy                   4
 T - a book of Flames

   Spells                             Type                      Level
   a - Flame Tongue                   Conjuration/Fire             1
   b - Throw Flame                    Conjuration/Fire             2
   c - Conjure Flame                  Conjuration/Fire             3
   d - Inner Flame                    Hexes/Fire                   3
   e - Sticky Flame                   Conjuration/Fire             4
   f - Fireball                       Conjuration/Fire             5
Comestibles
 c - 7 bread rations
 i - 5 meat rations
 G - 3 royal jellies


   Skills:
 + Level 10.6 Fighting
 + Level 8.2 Dodging
 * Level 14.0 Unarmed Combat
 + Level 3.1 Spellcasting
 - Level 10.0 Transmutations
 - Level 3.2 Ice Magic
 - Level 3.2 Poison Magic


You had 3 spell levels left.
You knew the following spells:

 Your Spells              Type           Power        Failure   Level  Hunger
a - Beastly Appendage     Tmut           ####..       4%          1    #......
b - Sticks to Snakes      Tmut           ####....     4%          2    ##.....
c - Spider Form           Tmut/Pois      ###.......   12%         3    ###....
d - Ice Form              Ice/Tmut       ###.....     26%         4    #####..
e - Blade Hands           Tmut           ####......   21%         5    ######.


Dungeon Overview and Level Annotations

Branches:
Dungeon (8/15)             Temple (0/1) D:6            Lair (3/6) D:8
 Spider (0/4) Lair:3
  Swamp: Lair:2-4    Shoals: Lair:2-4

Altars:
Ashenzari
Cheibriados
Elyvilon
Hepliaklqana
Kikubaaqudgha
Nemelex Xobeh
Okawaru
Ru
Trog
Uskayaw
Xom
Zin
The Shining One

Annotations:
D:4 adept's ghost, novice HOFi
Lair:2 exclusion: 2 oklob plants
Lair:3 Rupert


Innate Abilities, Weirdness & Mutations

You can breathe blasts of scalding, opaque steam.
Your pale cyan-grey scales are hard. (AC +8)
You cannot fit into any form of body armour.
You are cold-blooded and may be slowed by cold attacks.


Message History

Unknown command.
You slash Rupert!
Rupert is heavily wounded.
Your transformation is almost over.
You feel sick. You block Rupert's attack.
Unknown command.
You hit Rupert.
Rupert is heavily wounded.
You feel sick.
Rupert hits you with a battleaxe of venom!!!
You are lethally poisoned!
Unknown command.
You are too injured to fight recklessly!
You slice Rupert!! You tail-slap Rupert, but do no damage.
Rupert is heavily wounded.
You feel very sick.
Rupert hits you with a battleaxe of venom!!
* * * LOW HITPOINT WARNING * * *
You are more poisoned.
You die...

# ############ .# ######* ##
##.#P.##.#..###.#..#.PPP####.
###...........@................
#.#...........P................
##...#..#..#..P@.............##
#P......###...#.r..........P.#
##..#..###....#P.............#
##..P..# #....##...........##.
#......# #P...# ............##
##.....# ##...# ..............
##......# #... ,..............


You could see Rupert (berserk) and a porcupine.

Vanquished Creatures
  3 hydras
  2 ice dragons (IceCv)
  5 death yaks
  The ghost of panicbit the Cleaver, a novice MiFi of Okawaru (D:8)
  The ghost of Baril the Thaumaturge, a novice DESu of Sif Muna (Lair:2)
  An orb spider (Lair:3)
  2 black mambas
  2 ice statues (IceCv)
  Joseph (D:8)
  6 spiny frogs
  2 rime drakes (IceCv)
  2 ice devils (Lair:1)
  A komodo dragon (Lair:2)
  2 hornets (Lair:3)
  A polar bear (Lair:2)
  20 blink frogs
  4 hippogriffs
  Sigmund (D:6)
  8 yaks
  A wyvern (Lair:3)
  2 wraiths (Ossuary)
  A hungry ghost (D:5)
  2 basilisks
  Edmund (D:4)
  10 water moccasins
  6 porcupines
  An orc warrior (D:7)
  14 ice beasts (IceCv)
  3 phantoms
  4 ogres
  A centaur (D:6)
  11 crocodiles
  The ghost of Lokkij the Insei, an amateur TeMo (D:3)
  3 big kobolds
  8 bullfrogs
  A gnoll sergeant (D:7)
  Blork the orc (D:4)
  4 wights (Ossuary)
  4 killer bees (D:7)
  3 crimson imps
  A centaur zombie (D:8)
  2 hounds
  A jelly (D:5)
  2 bullfrog skeletons
  2 centaur skeletons
  2 orc priests
  6 orc wizards
  Ijyb (D:5)
  Natasha (thrice) (D:4)
  3 iguanas
  4 worker ants
  A killer bee zombie (D:5)
  2 hound zombies
  A howler monkey zombie (D:6)
  A worker ant zombie (D:6)
  A howler monkey skeleton (D:4)
  12 gnolls
  9 adders
  A river rat (D:5)
  3 shadow imps
  4 oozes
  An adder zombie (Ossuary)
  6 worms
  A dart slug (D:3)
  5 leopard geckos
  27 orcs
  2 giant cockroaches
  16 goblins
  7 hobgoblins
  2 jackals (D:1)
  3 quokkas
  6 ball pythons
  2 ball python skeletons (Ossuary)
  10 bats
  8 frilled lizards
  A hobgoblin skeleton (Ossuary)
  A jackal skeleton (D:4)
  20 kobolds
  2 orc zombies (Ossuary)
  2 quokka skeletons
  7 rats
  A plant (Lair:2)
339 creatures vanquished.

Vanquished Creatures (collateral kills)
  A hydra (Lair:3)
1 creature vanquished.

Vanquished Creatures (others)
  A blink frog (Lair:1)
  5 dream sheep
  5 fungi
  37 plants
48 creatures vanquished.

Grand Total: 388 creatures vanquished

Notes
Turn   | Place    | Note
-------+----------+-------------------------------------------
     0 | D:1      | sankara the Draconian Transmuter began the quest for the Orb.
     0 | D:1      | Reached XP level 1. HP: 16/16 MP: 3/3
   573 | D:1      | Reached XP level 2. HP: 20/23 MP: 5/5
   704 | D:1      | Learned a level 2 spell: Sticks to Snakes
  1350 | D:2      | Found a shattered altar of Ashenzari.
  1353 | D:2      | Became a worshipper of Ashenzari the Shackled
  1367 | D:2      | Reached XP level 3. HP: 29/29 MP: 6/6
  1649 | D:2      | Reached skill level 4 in Unarmed Combat
  1857 | D:2      | Reached XP level 4. HP: 34/37 MP: 7/7
  2296 | D:2      | Found a bloodstained altar of Trog.
  2410 | D:2      | Learned a level 3 spell: Spider Form
  2459 | D:3      | Noticed Lokkij's ghost (amateur TeMo)
  2582 | D:3      | Noticed a bullfrog
  2594 | D:3      | Killed a bullfrog
  2594 | D:3      | Reached XP level 5. HP: 41/45 MP: 8/8
  2605 | D:3      | Found a hide-covered altar of Uskayaw.
  2605 | D:3      | Found a bloodstained altar of Trog.
  2638 | D:3      | Killed Lokkij's ghost
  2638 | D:3      | Reached skill level 5 in Unarmed Combat
  2714 | D:3      | Reached XP level 6. HP: 51/51 MP: 9/9
  3152 | D:4      | Noticed Blork the orc
  3164 | D:4      | Killed Blork the orc
  3290 | D:4      | Noticed Edmund
  3306 | D:4      | Killed Edmund
  3550 | D:4      | Noticed Natasha
  3558 | D:4      | Killed Natasha
  3583 | D:4      | Noticed Natasha
  3585 | D:4      | Your scales start taking on a pale cyan-grey colour.
  3585 | D:4      | Reached XP level 7. HP: 36/58 MP: 10/10
  3589 | D:4      | Killed Natasha
  3597 | D:4      | Noticed adept's ghost (novice HOFi)
  4252 | D:4      | Reached skill level 6 in Unarmed Combat
  4524 | D:4      | Noticed Natasha
  4536 | D:4      | Killed Natasha
  5084 | D:3      | Learned a level 4 spell: Ice Form
  5397 | D:5      | Entered Level 5 of the Dungeon
  5537 | D:5      | Noticed a hungry ghost
  5550 | D:5      | Killed a hungry ghost
  5710 | D:5      | Found a glowing drain.
  5728 | D:5      | Reached XP level 8. HP: 35/67 MP: 11/11
  5791 | D:5      | Reached skill level 7 in Unarmed Combat
  5792 | D:5      | Found an ancient bone altar of Kikubaaqudgha.
  5938 | Sewer    | Entered a sewer
  5983 | Sewer    | Reached skill level 5 in Transmutations
  6135 | Sewer    | Reached skill level 5 in Fighting
  6346 | D:5      | Found a hazy altar of Hepliaklqana.
  6812 | D:5      | Noticed Ijyb
  6822 | D:5      | Killed Ijyb
  7110 | D:6      | Reached * piety under Ashenzari
  7117 | D:6      | Noticed Sigmund
  7126 | D:6      | Killed Sigmund
  7479 | D:6      | Reached skill level 8 in Unarmed Combat
  7981 | D:6      | Found a staircase to the Ecumenical Temple.
  8257 | D:6      | Found a glowing golden altar of the Shining One.
  8538 | D:7      | Reached XP level 9. HP: 51/75 MP: 12/12
  8858 | D:7      | Found a sacrificial altar of Ru.
  8918 | D:7      | Found a sand-covered staircase.
  8923 | Ossuary  | Entered an ossuary
  9725 | D:7      | Reached skill level 9 in Unarmed Combat
  9798 | D:7      | Found a sparkling altar of Nemelex Xobeh.
  9950 | D:7      | Reached skill level 5 in Dodging
 10779 | D:8      | Noticed panicbit's ghost (novice MiFi)
 10788 | D:8      | Killed panicbit's ghost
 10788 | D:8      | Reached skill level 1 in Ice Magic
 10788 | D:8      | Reached skill level 1 in Poison Magic
 10788 | D:8      | Reached XP level 10. HP: 51/84 MP: 13/13
 11050 | D:8      | Noticed a death yak
 11051 | D:8      | Found a staircase to the Lair.
 11051 | D:8      | Noticed a death yak
 11052 | D:8      | Noticed a death yak
 11052 | D:8      | Noticed Joseph
 11053 | D:8      | Noticed a death yak
 11053 | D:8      | Noticed a death yak
 11072 | D:8      | Killed a death yak
 11072 | D:8      | Reached skill level 10 in Unarmed Combat
 11083 | D:8      | Killed a death yak
 11424 | D:7      | Killed a death yak
 11649 | D:7      | Killed a death yak
 11787 | D:8      | Killed Joseph
 11787 | D:8      | Reached skill level 11 in Unarmed Combat
 11954 | D:8      | Killed a death yak
 12148 | D:8      | Found a glowing silver altar of Zin.
 12459 | D:8      | Found a snail-covered altar of Cheibriados.
 12461 | D:8      | Found a white marble altar of Elyvilon.
 12487 | D:8      | Reached XP level 11. HP: 78/92 MP: 14/14
 12702 | D:8      | Found an iron altar of Okawaru.
 12733 | D:8      | Found a shimmering altar of Xom.
 12993 | Lair:1   | Entered Level 1 of the Lair of Beasts
 13325 | Lair:1   | Found a frozen archway.
 13562 | IceCv    | Entered an ice cave
 13994 | IceCv    | Reached skill level 12 in Unarmed Combat
 14322 | IceCv    | Noticed an ice dragon
 14323 | IceCv    | Noticed an ice dragon
 14338 | IceCv    | Killed an ice dragon
 14409 | IceCv    | Killed an ice dragon
 14661 | IceCv    | Identified the ring of the Kangaroo {EV+3 Str+2}
 14662 | IceCv    | Identified the ring of Vikkuroa {MR+ Dex+4}
 15578 | Lair:1   | Reached ** piety under Ashenzari
 15823 | Lair:1   | Reached XP level 12. HP: 104/104 MP: 10/15
 15830 | Lair:1   | Learned a level 5 spell: Blade Hands
 15846 | Lair:1   | Found a shimmering altar of Xom.
 16502 | Lair:2   | Reached skill level 13 in Unarmed Combat
 16714 | Lair:2   | Noticed Baril's ghost (novice DESu)
 16729 | Lair:2   | Killed Baril's ghost
 16866 | Lair:2   | Noticed a seven-headed hydra
 16873 | Lair:2   | Killed a seven-headed hydra
 17286 | Lair:2   | Reached skill level 10 in Transmutations
 17295 | Lair:2   | Reached skill level 10 in Fighting
 18432 | Lair:3   | Found a hole to the Spider Nest.
 19239 | Lair:3   | Noticed a seven-headed hydra
 19261 | Lair:3   | Noticed a six-headed hydra
 19270 | Lair:3   | Killed a seven-headed hydra
 19279 | Lair:3   | Killed a six-headed hydra
 19279 | Lair:3   | Reached skill level 14 in Unarmed Combat
 19813 | Lair:3   | Noticed a four-headed hydra
 19820 | Lair:3   | Killed a four-headed hydra
 19820 | Lair:3   | Reached XP level 13. HP: 73/114 MP: 6/17
 20061 | Lair:3   | Noticed Rupert
 20067 | Lair:3   | Paralysed by Rupert for 2 turns
 20077 | Lair:3   | HP: 5/114 [Rupert/battleaxe of venom (30)]
 20078 | Lair:3   | Succumbed to Rupert's poison

Skill      XL: |  1  2  3  4  5  6  7  8  9 10 11 12 |
---------------+-------------------------------------+-----
Fighting       | 2 3 4 6 7 9 10 | 10.6
Unarmed Combat | 4 5 6 8 9 11 12 14 | 14.0
Transmutations | 3 4 6 7 8 9 10 | 10.0
Dodging        | 2 3 4 5 7 8 |  8.2
Ice Magic      | 1 3 |  3.2
Poison Magic   | 1 3 |  3.2
Spellcasting   | 3 |  3.1

Action                   |  1- 3 |  4- 6 |  7- 9 | 10-12 | 13-15 || total
-------------------------+-------+-------+-------+-------+-------++-------
Melee: Unarmed           |    30 |    25 |   290 |   550 |    15 ||   910
       Dagger            |   101 |   135 |   470 |       |       ||   706
       Tailslap          |    15 |    13 |    62 |    28 |     1 ||   119
       Punch             |     1 |     2 |    16 |    10 |     2 ||    31
       Headbutt          |       |       |     7 |     6 |       ||    13
 Cast: Beastly Appendage |     1 |       |    10 |     5 |       ||    16
       Spider Form       |       |     4 |    33 |     5 |       ||    42
       Sticks to Snakes  |       |       |     1 |    15 |       ||    16
       Ice Form          |       |       |     4 |    24 |       ||    28
       Blade Hands       |       |       |       |    22 |     1 ||    23
 Abil: Breathe Steam     |       |       |     1 |       |       ||     1
  Use: Potion            |       |       |     7 |     5 |       ||    12
       Scroll            |       |       |     1 |     1 |       ||     2
 Stab: Sleeping          |       |       |     2 |     1 |       ||     3
       Distracted        |       |       |     1 |       |       ||     1
  Eat: Chunk             |     3 |     6 |    25 |    37 |       ||    71
       Fruit             |       |       |     6 |     3 |       ||     9
       Royal jelly       |       |       |     1 |     2 |     1 ||     4
Armor: Skin              |    64 |    42 |   121 |    69 |       ||   296
Dodge: Dodged            |    95 |    93 |   478 |   311 |     6 ||   983
Block: Other             |       |    15 |    78 |    47 |     1 ||   141
       Reflection        |       |       |       |     1 |       ||     1
